 Dungeon Crawl Stone Soup version 0.22-a0-455-ga0624bf (webtiles) character file.

41 jerryfan the Vexing (level 3, -1/28 HPs)
             Began as a Gnoll Arcane Marksman on June 5, 2018.
             Killed from afar by a dart slug (7 damage)
             ... with a slug dart
             ... on level 2 of the Dungeon.
             The game lasted 00:03:25 (754 turns).

jerryfan the Vexing (Gnoll Arcane Marksman)          Turns: 754, Time: 00:03:25

Health: -1/28      AC:  2    Str: 12    XL:     3   Next: 52%
Magic:  3/7        EV: 14    Int: 16    God:
Gold:   72         SH:  0    Dex: 15    Spells: 4/7 levels left

rFire    . . .     SeeInvis .   a - +0 shortbow
rCold    . . .     Gourm    .   (shield currently unavailable)
rNeg     . . .     Faith    .   e - +0 robe
rPois    .         Spirit   .   (no helmet)
rElec    .         Reflect  .   (no cloak)
rCorr    .         Harm     .   (no gloves)
MR       .....                  (no boots)
Stlth    ++........             (no amulet)
HPRegen  0.09/turn              m - ring of flight
MPRegen  0.10/turn              (no ring)

@: no status effects
A: distributed training, fangs 1, strong nose
a: Evoke Flight


You were on level 2 of the Dungeon.
You were not hungry.

You visited 1 branch of the dungeon, and saw 2 of its levels.

You collected 72 gold pieces.

Inventory:

Hand Weapons
 a - a +0 shortbow (weapon)
 g - a +0 club
 j - a +0 spear
Missiles
 c - 14 poisoned needles
 l - 41 stones (quivered)
Armour
 e - a +0 robe (worn)
Jewellery
 m - a ring of flight (left hand)
Scrolls
 b - a scroll of remove curse {unknown}
 h - a scroll of teleportation {unknown}
 k - a scroll of random uselessness {unknown}
 n - 3 scrolls of magic mapping {unknown}
Potions
 i - a potion of agility {unknown}
 p - 2 potions of degeneration {unknown}
Comestibles
 f - 2 rations
 o - a chunk of flesh


   Skills:
 + Level 2.6 Fighting
 + Level 0.8 Short Blades
 + Level 0.8 Long Blades
 + Level 0.8 Axes
 + Level 0.8 Maces & Flails
 + Level 0.8 Polearms
 + Level 0.8 Staves
 + Level 0.8 Slings
 + Level 4.5 Bows
 + Level 0.8 Crossbows
 + Level 0.8 Throwing
 + Level 0.8 Armour
 + Level 4.5 Dodging
 + Level 0.8 Stealth
 + Level 0.8 Shields
 + Level 0.8 Unarmed Combat
 + Level 2.8 Spellcasting
 + Level 0.5 Conjurations
 + Level 5.4 Hexes
 + Level 0.5 Charms
 + Level 0.5 Summonings
 + Level 0.5 Necromancy
 + Level 0.5 Translocations
 + Level 0.5 Transmutations
 + Level 0.5 Fire Magic
 + Level 0.5 Ice Magic
 + Level 0.5 Air Magic
 + Level 0.5 Earth Magic
 + Level 0.5 Poison Magic
 + Level 1.0 Invocations
 + Level 0.8 Evocations


You had 4 spell levels left.
You knew the following spells:

 Your Spells              Type           Power        Failure   Level  Hunger
a - Corona                Hex            ###....      1%          1    #......
b - Slow                  Hex            ###.....     3%          2    ##.....

Your spell library contained the following spells:

 Spells                   Type           Power        Failure   Level  Hunger
 Cause Fear               Hex            ###.......   21%         4    #####..
 Portal Projectile        Hex/Tloc       ##....       17%         3    ###....
 Leda's Liquefaction      Hex/Erth       ##........   50%         4    #####..
 Inner Flame              Hex/Fire       ##......     17%         3    ###....


Dungeon Overview and Level Annotations

Branches:
Dungeon (2/15)

Altars:


Innate Abilities, Weirdness & Mutations

Your experience applies equally to all skills.
You have very sharp teeth.
Your uncanny sense of smell can sniff out nearby items.


Message History

Press: ? - help, Shift-Dir - straight line, f/p - dart slug
Aim: a dart slug You shoot an arrow.
The arrow hits the dart slug.
The dart slug is moderately wounded.
The dart slug launches a dart at you. The slug dart hits you!
* * * LOW HITPOINT WARNING * * *
Firing (i - inventory. (/) - cycle)
d - an arrow (quivered)
Press: ? - help, Shift-Dir - straight line, f/p - dart slug
Aim: a dart slug (clinging)
You shoot an arrow. The arrow hits the dart slug.
The dart slug is severely wounded.
Throwing (i - inventory)
l - 42 stones (quivered)
Press: ? - help, Shift-Dir - straight line, f/p - dart slug
Aim: a dart slug (clinging)
You throw a stone. The stone hits the dart slug.
The dart slug is severely wounded.
The dart slug launches a dart at you. The slug dart hits you!
You die...

###### #..## ......##
#... ##...####.#
#..#(w(@.(#
###..(w####.#######
#..(...###...#.##.##
#(#.#..##.....#....##
#
#.#........###)...##
# ##.##...##
##....##### #.....##
##........ ######.#
#....####. ∆ ..#
#..........


You could see 2 dart slugs.

Vanquished Creatures
  An adder (D:2)
  2 oozes (D:2)
  A leopard gecko (D:2)
  3 bats (D:1)
  2 giant cockroaches (D:1)
  4 goblins
  5 hobgoblins
  A frilled lizard (D:1)
  A rat (D:1)
20 creatures vanquished.

Notes
Turn   | Place    | Note
-------+----------+-------------------------------------------
     0 | D:1      | jerryfan the Gnoll Arcane Marksman began the quest for the Orb.
     0 | D:1      | Reached XP level 1. HP: 17/17 MP: 4/4
   208 | D:1      | Reached XP level 2. HP: 23/23 MP: 5/5
   567 | D:1      | Learned a level 2 spell: Slow
   677 | D:2      | Reached XP level 3. HP: 28/28 MP: 4/7
   751 | D:2      | Reached skill level 1 in Invocations
   754 | D:2      | Killed from afar by a dart slug

Vault maps used:
D:1:      minmay_arrival_loop
D:2:      gammafunk_temple_overflow_statue

Skill      XL: |  1  2  3 |
---------------+----------+-----
Invocations    | 1 |  1.0
Fighting       | |  2.6
Short Blades   | |  0.8
Long Blades    | |  0.8
Axes           | |  0.8
Maces & Flails | |  0.8
Polearms       | |  0.8
Staves         | |  0.8
Slings         | |  0.8
Bows           | |  4.5
Crossbows      | |  0.8
Throwing       | |  0.8
Armour         | |  0.8
Dodging        | |  4.5
Stealth        | |  0.8
Shields        | |  0.8
Unarmed Combat | |  0.8
Spellcasting   | |  2.8
Conjurations   | |  0.5
Hexes          | |  5.4
Charms         | |  0.5
Summonings     | |  0.5
Necromancy     | |  0.5
Translocations | |  0.5
Transmutations | |  0.5
Fire Magic     | |  0.5
Ice Magic      | |  0.5
Air Magic      | |  0.5
Earth Magic    | |  0.5
Poison Magic   | |  0.5
Evocations     | |  0.8

Action                   || total
-------------------------++-------
 Fire: Shortbow          ||    48
Throw: Stone             ||     1
 Cast: Corona            ||     4
       Slow              ||     4
Armor: Robe              ||     2
Dodge: Dodged            ||    11

Table legend:
 A = Spawn XP
 B = Non-spawn XP
 C = Spawn XP percentage of total XP
 D = Spawn monster count
 E = Non-spawn monster count
 F = Spawn count percentage of total count
 G = Total turns spent on level
                    A         B        C        D         E        F      G
               +---------+---------+-------+---------+---------+-------+---------
         Total |       0 |      59 |   0.0 |       0 |      20 |   0.0 |   754
               +---------+---------+-------+---------+---------+-------+---------
           D:1 |       0 |      23 |   0.0 |       0 |      13 |   0.0 |   609
           D:2 |       0 |      36 |   0.0 |       0 |       7 |   0.0 |   145
               +---------+---------+-------+---------+---------+-------+---------
